 Dungeon Crawl Stone Soup version 0.28.0-45-g0d030f2227 (webtiles) character file.

Game seed: 6057608617300987667

234 Ablot the Cutter (level 6, -1/53 HPs)
             Began as a Gnoll Chaos Knight on Apr 11, 2022.
             Was a Plaything of Xom.
             Slain by a phantom (7 damage)
             ... on level 4 of the Dungeon.
             The game lasted 00:03:24 (2233 turns).

Ablot the Cutter (Gnoll Chaos Knight)               Turns: 2233, Time: 00:03:25

Health: -1/53      AC:  8    Str: 13    XL:     6   Next: 5%
Magic:  8/8        EV: 12    Int: 12    God:    Xom [.....*]
Gold:   129        SH:  0    Dex: 11    Spells: 7/8 levels left

rFire   . . .      SeeInvis .   s - +2 quarterstaff (chaos)
rCold   . . .      Faith    .   (shield currently unavailable)
rNeg    . . .      Spirit   .   b - +2 leather armour
rPois   .          Reflect  .   (no helmet)
rElec   .          Harm     .   n - +2 cloak
rCorr   .          Rampage  .   (no gloves)
Will    .....                   (no boots)
Stlth   +.........              (no amulet)
HPRegen 0.17/turn               (no ring)
MPRegen 0.11/turn               (no ring)

@: no status effects
A: fangs 1, strong nose, distributed training
a: Renounce Religion


You were on level 4 of the Dungeon.
You worshipped Xom.
You were Xom's teddy bear.
You visited 1 branch of the dungeon, and saw 4 of its levels.

You collected 129 gold pieces.

Inventory:

Hand Weapons
 a - a +0 short sword of chaos
 s - a +2 quarterstaff of chaos (weapon)
Missiles
 g - 14 bolts
 h - 30 arrows
 j - 6 curare-tipped darts
 l - 11 poisoned darts (quivered)
 m - 10 sling bullets
 q - 44 stones
Armour
 b - a +2 leather armour (worn)
 n - a +2 cloak (worn)
Wands
 r - a wand of digging (8)
Scrolls
 d - a scroll of immolation {unknown}
 e - 2 scrolls of identify {unknown}
 f - a scroll of teleportation {unknown}
 i - a scroll of enchant weapon {unknown}
 k - a scroll of fog {unknown}
 p - a scroll of blinking {unknown}
Potions
 c - 2 potions of brilliance {unknown}
 o - a potion of degeneration {unknown}


   Skills:
 + Level 6.7 Fighting
 + Level 6.7 Short Blades
 + Level 1.7 Long Blades
 + Level 1.7 Axes
 + Level 1.7 Maces & Flails
 + Level 1.7 Polearms
 + Level 1.7 Staves
 + Level 1.7 Slings
 + Level 1.7 Bows
 + Level 1.7 Crossbows
 + Level 1.7 Throwing
 + Level 4.9 Armour
 + Level 3.1 Dodging
 + Level 1.7 Stealth
 + Level 1.7 Shields
 + Level 1.7 Unarmed Combat
 + Level 1.7 Spellcasting
 + Level 1.3 Conjurations
 + Level 1.3 Hexes
 + Level 1.3 Summonings
 + Level 1.3 Necromancy
 + Level 1.3 Translocations
 + Level 1.3 Transmutations
 + Level 1.3 Fire Magic
 + Level 1.3 Ice Magic
 + Level 1.3 Air Magic
 + Level 1.3 Earth Magic
 + Level 1.3 Poison Magic
 + Level 2.0 Invocations
 + Level 1.7 Evocations


You had 7 spell levels left.
You knew the following spells:

 Your Spells              Type           Power      Damage    Failure   Level
a - Apportation           Tloc           8%         N/A       21%         1

Your spell library contained the following spells:

 Spells                   Type           Power      Damage    Failure   Level
 Animate Skeleton         Necr           8%         N/A       21%         1
 Summon Small Mammal      Summ           16%        N/A       21%         1
 Call Canine Familiar     Summ           4%         N/A       52%         3
 Gell's Gravitas          Tloc           4%         N/A       52%         3
 Inner Flame              Hex/Fire       4%         N/A       52%         3
 Lesser Beckoning         Tloc           4%         N/A       52%         3
 Portal Projectile        Hex/Tloc       8%         N/A       52%         3
 Teleport Other           Tloc           4%         N/A       52%         3
 Cause Fear               Hex            2%         N/A       89%         4
 Leda's Liquefaction      Hex/Erth       2%         N/A       89%         4
 Summon Forest            Summ/Tloc      2%         N/A       99%         5
 Summon Mana Viper        Hex/Summ       4%         N/A       99%         5
 Summon Cactus Giant      Summ           2%         N/A       100%        6
 Discord                  Hex            2%         N/A       100%        8


Dungeon Overview and Level Annotations

Branches:
Dungeon (4/15)
 Temple: D:4-7

Altars:


Innate Abilities, Weirdness & Mutations

You have very sharp teeth.
Your uncanny sense of smell can sniff out nearby items.
Your experience applies equally to all skills.


Message History

You are too injured to fight recklessly!
You are too injured to fight recklessly!
You are too injured to fight recklessly!
You are too injured to fight recklessly!
You are too injured to fight recklessly!
You hit the iguana.
You kill the iguana!
Your Invocations skill increases to level 2!
You have reached level 6!
q - 44 stones (gained 29)
You start resting.
A phantom comes into view.
You closely miss the phantom. You bite the phantom, but do no damage.
The phantom hits you!
The phantom blinks!
You blink.
The phantom barely misses you.
You hit the phantom.
The phantom flickers and vanishes!
Deactivating autopickup; reactivate with Ctrl-A.
Something hits you but does no damage.
No target in view!
No target in view!
No target in view!
No target in view!
You miss something. Something hits you.
You closely miss something. Your bite misses something. Something hits you.
You miss something. Something hits you.
You hit something. Something hits you. Something hits you but does no damage.
You closely miss something. Something hits you but does no damage.
You closely miss something. Something hits you but does no damage.
You closely miss something. Something hits you but does no damage.
You miss something. Something hits you.
You blink.
Something hits you. Something hits you!
* * * LOW HITPOINT WARNING * * *
You blink.
Something hits you.
* * * LOW HITPOINT WARNING * * *
You blink.
Something hits you!
You die... "This toy is broken."

#......##....#
#......#[..§.# ...#
#......#....§# ...#
#......+.....# ...#
#......##....# ...#
#......##..§§# ...#
#....†...))..# ...#
#............##...#
.'.........@...)...#...
..#.............)...'...
..#.................#...
#......##....##...# .
#########....# ...# ∆
#..... .....
#............
+.............
###..######+##


There were no monsters in sight!

Vanquished Creatures
  An ogre (D:4)
  Crazy Yiuf (D:3)
  An iguana (D:4)
  An orc wizard (D:4)
  4 adders
  4 orcs
  4 bats
  4 giant cockroaches
  5 hobgoblins
  2 kobolds
  A quokka (D:3)
  3 ball pythons
  4 frilled lizards
  5 rats
40 creatures vanquished.

Vanquished Creatures (others)
  An ogre (D:4)
  A kobold (D:4)
  5 toadstools (D:4)
7 creatures vanquished.

Grand Total: 47 creatures vanquished

Notes
Turn   | Place    | Note
-------+----------+-------------------------------------------
     0 | D:1      | Ablot the Gnoll Chaos Knight began the quest for the Orb.
     0 | D:1      | Reached XP level 1. HP: 23/23 MP: 1/1
   332 | D:1      | Found a faded altar of an unknown god.
   431 | D:1      | Reached XP level 2. HP: 29/29 MP: 2/2
   521 | D:1      | XOM: silly message
   802 | D:2      | XOM: divination: detect items
   952 | D:2      | XOM: silly message
   955 | D:2      | Learned a level 1 spell: Apportation
  1090 | D:2      | Reached XP level 3. HP: 29/35 MP: 3/3
  1238 | D:2      | XOM: silly message
  1412 | D:3      | Reached skill level 1 in Invocations
  1441 | D:3      | XOM: god gift: book of Hexes
  1714 | D:3      | Found a runed translucent door.
  1715 | D:3      | Noticed Crazy Yiuf
  1742 | D:3      | XOM: divination: magic mapping
  1743 | D:3      | Reached skill level 1 in Long Blades
  1743 | D:3      | Reached skill level 1 in Axes
  1743 | D:3      | Reached skill level 1 in Maces & Flails
  1743 | D:3      | Reached skill level 1 in Polearms
  1743 | D:3      | Reached skill level 1 in Staves
  1743 | D:3      | Reached skill level 1 in Slings
  1743 | D:3      | Reached skill level 1 in Bows
  1743 | D:3      | Reached skill level 1 in Crossbows
  1743 | D:3      | Reached skill level 1 in Throwing
  1743 | D:3      | Reached skill level 1 in Stealth
  1743 | D:3      | Reached skill level 1 in Shields
  1743 | D:3      | Reached skill level 1 in Unarmed Combat
  1743 | D:3      | Reached skill level 1 in Spellcasting
  1743 | D:3      | Reached skill level 1 in Evocations
  1750 | D:3      | Reached XP level 4. HP: 35/41 MP: 5/5
  1792 | D:3      | XOM: destruction
  1833 | D:3      | Killed Crazy Yiuf
  1983 | D:4      | Noticed an ogre
  1991 | D:4      | Killed an ogre
  1991 | D:4      | XOM: divine lightning
  2027 | D:4      | Noticed an ogre
  2034 | D:4      | Killed an ogre
  2035 | D:4      | Reached skill level 1 in Conjurations
  2035 | D:4      | Reached skill level 1 in Hexes
  2035 | D:4      | Reached skill level 1 in Summonings
  2035 | D:4      | Reached skill level 1 in Necromancy
  2035 | D:4      | Reached skill level 1 in Translocations
  2035 | D:4      | Reached skill level 1 in Transmutations
  2035 | D:4      | Reached skill level 1 in Fire Magic
  2035 | D:4      | Reached skill level 1 in Ice Magic
  2035 | D:4      | Reached skill level 1 in Air Magic
  2035 | D:4      | Reached skill level 1 in Earth Magic
  2035 | D:4      | Reached skill level 1 in Poison Magic
  2035 | D:4      | Reached XP level 5. HP: 34/47 MP: 5/7
  2074 | D:4      | Reached XP level 6. HP: 18/53 MP: 8/8
  2233 | D:4      | Slain by a phantom

Illustrated notes

Levels and vault maps discovered:
D:1:      onia_arrival_pyramid, layout_basic,
          dreamdust_ecumenical_altar_angels_and_demons
D:2:      layout_loops_ring
D:3:      layout_rooms, kennysheep_generic_room_5, uniq_crazy_yiuf_cottage
D:4:      layout_gridville, minmay_gold_behind_fungi, uniq_sigmund,
          uniq_grinder, uniq_duvessa

Skill      XL: |  1  2  3  4  5 |
---------------+----------------+-----
Invocations    | 1 2 |  2.0
Long Blades    | 1 |  1.7
Axes           | 1 |  1.7
Maces & Flails | 1 |  1.7
Polearms       | 1 |  1.7
Staves         | 1 |  1.7
Slings         | 1 |  1.7
Bows           | 1 |  1.7
Crossbows      | 1 |  1.7
Throwing       | 1 |  1.7
Stealth        | 1 |  1.7
Shields        | 1 |  1.7
Unarmed Combat | 1 |  1.7
Spellcasting   | 1 |  1.7
Evocations     | 1 |  1.7
Dodging        | 3 |  3.1
Conjurations   | 1 |  1.3
Hexes          | 1 |  1.3
Summonings     | 1 |  1.3
Necromancy     | 1 |  1.3
Translocations | 1 |  1.3
Transmutations | 1 |  1.3
Fire Magic     | 1 |  1.3
Ice Magic      | 1 |  1.3
Air Magic      | 1 |  1.3
Earth Magic    | 1 |  1.3
Poison Magic   | 1 |  1.3
Fighting       | |  6.7
Short Blades   | |  6.7
Armour         | |  4.9

Action                   |  1- 3 |  4- 6 || total
-------------------------+-------+-------++-------
Melee: Short sword       |   102 |    11 ||   113
       Bite              |     6 |     4 ||    10
       Punch             |     1 |       ||     1
       Quarterstaff      |       |    29 ||    29
Throw: Dart              |       |     6 ||     6
 Stab: Distracted        |     1 |       ||     1
Armor: Leather armour    |    39 |    15 ||    54
Dodge: Dodged            |    58 |    21 ||    79
